 Dungeon Crawl Stone Soup version 0.28-a0-1117-g0bdd5ba030 (webtiles) character file.

Game seed: 2754742639778905635

7 SensoryNuts the Slasher (level 1, 0/17 HPs)
             Began as a Draconian Gladiator on Dec 12, 2021.
             Slain by a jackal (1 damage)
             ... on level 1 of the Dungeon.
             The game lasted 00:00:07 (93 turns).

SensoryNuts the Slasher (Draconian Gladiator)         Turns: 93, Time: 00:00:08

Health: 0/17       AC:  4    Str: 16    XL:     1   Next: 83%
Magic:  1/1        EV: 12    Int:  8    God:
Gold:   8          SH:  0    Dex: 12    Spells: 0/0 levels left

rFire   . . .      SeeInvis .   a - +0 long sword
rCold   . . .      Faith    .   (no shield)
rNeg    . . .      Spirit   .   (armour unavailable)
rPois   .          Reflect  .   b - +0 hat
rElec   .          Harm     .   (no cloak)
rCorr   .          Rampage  .   (no gloves)
Will    .....                   (no boots)
Stlth   +.........              (no amulet)
HPRegen 0.05/turn               (no ring)
MPRegen 0.07/turn               (no ring)

@: no status effects
A: AC +4, unfitting armour, cold-blooded
a: no special abilities


You were on level 1 of the Dungeon.
You visited 1 branch of the dungeon, and saw 1 of its levels.

You collected 8 gold pieces.

Inventory:

Hand Weapons
 a - a +0 long sword (weapon)
Missiles
 c - 3 throwing nets (quivered)
Armour
 b - a +0 hat (worn)
Potions
 d - a potion of degeneration {unknown}


   Skills:
 + Level 2.2 Fighting
 + Level 3.2 Long Blades
 + Level 1.8 Throwing
 + Level 2.9 Dodging


You couldn't memorise any spells.
You didn't know any spells.
Your spell library was empty.

Dungeon Overview and Level Annotations

Branches:
Dungeon (1/15)

Altars:


Innate Abilities, Weirdness & Mutations

Your plain brown scales are hard. (AC +4)
You cannot fit into any form of body armour.
You are cold-blooded and may be slowed by cold attacks.


Message History

The jackal misses you. The jackal barely misses you. The jackal bites you.
The quokka bites you but does no damage.
You closely miss the quokka.
Your tail-slap misses the quokka.
The jackal bites you but does no damage.
The jackal closely misses you. The quokka bites you.
The jackal barely misses you. The jackal closely misses you.
You closely miss the quokka.
You tail-slap the quokka, but do no damage.
The quokka bites you but does no damage.
The jackal bites you but does no damage.
The jackal misses you. The quokka bites you. The jackal closely misses you.
You hit the quokka but do no damage.
Your tail-slap misses the quokka.
The jackal bites you. x2; The quokka bites you.
The jackal bites you.
* * * LOW HITPOINT WARNING * * *
You are too injured to fight recklessly!
You are too injured to fight recklessly!
You are too injured to fight recklessly!
You are too injured to fight recklessly!
You are too injured to fight recklessly!
There are monsters nearby!
There are monsters nearby!
There are monsters nearby!
You are too injured to fight recklessly!
Unknown command.
You miss the quokka.
Your tail-slap misses the quokka.
The jackal barely misses you.
The jackal bites you but does no damage.
The quokka bites you but does no damage.
The jackal bites you.
* * * LOW HITPOINT WARNING * * *
The jackal misses you. The quokka barely misses you.
You hit the quokka.
The quokka is heavily wounded.
The jackal bites you but does no damage.
The jackal bites you.
* * * LOW HITPOINT WARNING * * *
The quokka bites you.
* * * LOW HITPOINT WARNING * * *
The jackal bites you.
You die...

. ##. #.# . .. ..# # #.
.. ... ..#.##. ..
.......#.# .......#.##
.....#†hh.# . ......r@..#
.. #######...# .# #...+
.# #...# .#
#######.:.####.. .#
................
.###############.######.#
............†...........
.###############........


You could see a quokka and 2 jackals.

Vanquished Creatures
  A dart slug (D:1)
  3 jackals (D:1)
4 creatures vanquished.

Notes
Turn   | Place    | Note
-------+----------+-------------------------------------------
     0 | D:1      | SensoryNuts the Draconian Gladiator began the quest for the
                  | Orb.
     0 | D:1      | Reached XP level 1. HP: 17/17 MP: 1/1
    93 | D:1      | Slain by a jackal

Illustrated notes

Levels and vault maps discovered:
D:1:      dpeg_arrival_simpleton_b, layout_basic,
          dreamdust_ecumenical_altar_sealed_demon, grunt_decor_arrowhead,
          minmay_pentomino_p4

Action                   || total
-------------------------++-------
Melee: Long sword        ||    14
       Tailslap          ||     2
Armor: Skin              ||     9
Dodge: Dodged            ||    22

Table legend: (Time is in decaauts)
 A = Elapsed time spent in this place.
 B = Non-inter-level travel time spent in this place.
 C = Inter-level travel time spent in this place.
 D = Time resting spent in this place.
 E = Time spent auto-exploring this place.
 F = Levels seen in this place.
 G = Mean time per level.
                   A        B        C        D        E       F      G
               +--------+--------+--------+--------+--------+-----+--------+
         Total |     96 |     96 |      0 |      0 |     65 |   1 |   96.0 |
       Dungeon |     96 |     96 |      0 |      0 |     65 |   1 |   96.0 |
               +--------+--------+--------+--------+--------+-----+--------+

Top non-repeatable levels by time:
     D:1: 96 daAuts
